 Dungeon Crawl Stone Soup version 0.30-a0-1066-g63dfefce0d (webtiles) character file.

Game seed: 6291458662027923835

175 BubbleThief the Trooper (level 5, 0/51 HPs)
             Began as a Naga Cinder Acolyte on Apr 12, 2023.
             Was a High Priest of Ignis.
             Succumbed to an adder's poison
             ... on level 3 of the Dungeon.
             The game lasted 00:03:21 (2208 turns).

BubbleThief the Trooper (Naga Cinder Acolyte)       Turns: 2208, Time: 00:03:22

Health: 0/51       AC:  2    Str: 15 (18) XL:     5   Next: 55%
Magic:  0/6        EV:  9    Int: 13 (14) God:    Ignis [*****.]
Gold:   95         SH:  0    Dex:  6 (7)  Spells: 4/6 levels left

rFire   + . .      SeeInvis +    a - -1 mace (flame)
rCold   . . .      Faith    .    (no shield)
rNeg    + . .      Spirit   .    b - +0 robe
rPois   +          Reflect  .    (no helmet)
rElec   .          Rampage  .    (no cloak)
rCorr   .                        (no gloves)
Will    .....                    (no barding)
Stlth   +                        (no amulet)
HPRegen 0.28/turn                e - ring of positive energy
MPRegen 0.10/turn                (no ring)

@: lethally poisoned (0 -> -5), very slow
A: AC +1, large, see invisible, deformed body, poison resistance, slowness 2,
spit poison 1, naga tail 1
a: Spit Poison, Renounce Religion, Fiery Armour, Foxfire Swarm, Rising Flame


You were on level 3 of the Dungeon.
You worshipped Ignis.
Ignis was extremely pleased with you.
You visited 1 branch of the dungeon, and saw 4 of its levels.

You collected 95 gold pieces.

Inventory:

Hand Weapons
 a - a -1 mace of flaming (weapon)
 j - a +0 morningstar
Armour
 b - a +0 robe (worn)
Jewellery
 e - a ring of positive energy (left hand)
Scrolls
 d - a scroll of silence {unknown}
 f - a scroll of identify {unknown}
 g - a scroll of butterflies {unknown}
Potions
 h - a potion of curing {unknown}
 i - a potion of brilliance {unknown}
 k - a potion of heal wounds {unknown}


   Skills:
 + Level 4.7 Fighting
 + Level 4.7 Maces & Flails
 - Level 1.0 Spellcasting
 - Level 3.0 Fire Magic


You had 4 spell levels left.
You knew the following spells:

 Your Spells              Type           Power      Damage    Failure   Level
a - Scorch                Fire           16%        2d6       12%         2

Your spell library contained the following spells:

 Spells                   Type           Power      Damage    Failure   Level


Dungeon Overview and Level Annotations

Branches:
Dungeon (4/15)
 Temple: D:4-7

Altars:
Okawaru


Innate Abilities, Weirdness & Mutations

Your serpentine skin is tough. (AC +1)
You have supernaturally acute eyesight. (SInv)
Armour fits poorly on your strangely shaped body.
Your system is resistant to poisons. (rPois)
You cover ground very slowly.
You can spit poison.
You have a snake-like lower body.


Message History

You feel sick. The adder barely misses you.
Casting: Scorch (safe; 12% risk of failure)
Confirm with . or Enter, or press ? or * to list all spells.
Flames lash the adder.
The adder is almost dead.
The adder's fire resistance burns away.
You feel sick.
You are no longer poisoned.
The adder bites you.
* * * LOW HITPOINT WARNING * * *
The adder bites you.
* * * LOW HITPOINT WARNING * * *
You closely miss the adder.
The adder is almost dead.
The adder bites you.
* * * LOW HITPOINT WARNING * * *
You are poisoned.
The adder poisons you!
You closely miss the adder.
The adder is almost dead.
You feel sick.
The adder is no longer more vulnerable to fire.
The adder bites you but does no damage. x2
Unknown command.
You closely miss the adder.
The adder is almost dead.
You feel sick. The adder closely misses you. The adder bites you.
* * * LOW HITPOINT WARNING * * *
You are lethally poisoned!
The adder poisons you!
Unknown command.
You barely miss the adder.
The adder is almost dead.
* * * LOW HITPOINT WARNING * * *
You feel sick. The adder bites you.
* * * LOW HITPOINT WARNING * * *
Unknown command.
It was a potion of degeneration.
There was something very wrong with that liquid.
You feel weakened.
You feel dopey.
You feel clumsy.
You die...

#.#.##.#
#######.#.##.#
............# ##
##.#####.##.#
....###...##......#
#...†...!....#.##.#
#.#####.h.####.##.#
##S## #.##.# #@#
..##.# #.# .###.#
#.. .. ..# #### #.
###


You could see a hound and an adder.

Vanquished Creatures
  Terence (D:2)
  Natasha (D:3)
  An orc wizard (D:4)
  3 adders
  An ufetubus (D:4)
  4 orcs (D:4)
  4 bats
  7 endoplasms
  2 giant cockroaches
  4 goblins
  7 hobgoblins
  6 jackals
  4 kobolds
  2 quokkas
  6 ball pythons
  2 frilled lizards (D:1)
  5 rats
60 creatures vanquished.

Notes
Turn   | Place    | Note
-------+----------+-------------------------------------------
     0 | D:1      | BubbleThief the Naga Cinder Acolyte began the quest for the
                  | Orb.
     0 | D:1      | Reached XP level 1. HP: 21/21 MP: 2/2
   269 | D:1      | Reached XP level 2. HP: 28/28 MP: 3/3
   347 | D:1      | Learned a level 2 spell: Scorch
   657 | D:1      | Reached XP level 3. HP: 25/34 MP: 4/4
  1288 | D:2      | Noticed Terence
  1316 | D:2      | Killed Terence
  1317 | D:2      | Reached XP level 4. HP: 19/44 MP: 2/5
  1692 | D:2      | You fall into a shaft and drop 2 floors!
  1692 | D:4      | Found an iron altar of Okawaru.
  1954 | D:4      | Reached XP level 5. HP: 49/51 MP: 1/6
  2181 | D:3      | Noticed Natasha
  2184 | D:3      | Killed Natasha
  2207 | D:3      | HP: 2/51 [adder (1)]
  2208 | D:3      | Succumbed to an adder's poison

Illustrated notes

Levels and vault maps discovered:
D:1:      giann_wishing_wells, layout_basic, chequers_jeans,
          minmay_misc_feat_hallway
D:2:      layout_loops_cross, basic_altar, uniq_terence
D:3:      layout_loops_ring, nicolae_tso_swordbearing_angel,
          nicolae_ecumenical_snake_handling, uniq_sigmund, uniq_natasha
D:4:      layout_rooms, nicolae_overflow_crystal_walls, dancing_weapons_uskayaw,
          mainiacjoe_overflow_alcove_4, dreamdust_princess_corridor,
          dk_rats_in_the_wall

Skill      XL: |  1  2  3 |
---------------+----------+-----
Fighting       | 4 |  4.7
Maces & Flails | 4 |  4.7
Spellcasting   | |  1.0
Fire Magic     | |  3.0

Action                     |  1- 3 |  4- 6 || total
---------------------------+-------+-------++-------
  Melee: Mace              |    84 |    73 ||   157
   Cast: Scorch            |     7 |    11 ||    18
 Invoke: Fiery Armour      |     1 |       ||     1
Ability: Spit Poison       |    19 |    10 ||    29
    Use: Potion            |       |     1 ||     1
 Armour: Robe              |    23 |    22 ||    45
  Dodge: Dodged            |    71 |    53 ||   124

Table legend: (Time is in decaauts)
 A = Elapsed time spent in this place.
 B = Non-inter-level travel time spent in this place.
 C = Inter-level travel time spent in this place.
 D = Time resting spent in this place.
 E = Time spent auto-exploring this place.
 F = Levels seen in this place.
 G = Mean time per level.
                   A        B        C        D        E       F      G
               +--------+--------+--------+--------+--------+-----+--------+
         Total |   2728 |   2702 |     26 |      0 |   2225 |   4 |  682.0 |
       Dungeon |   2728 |   2702 |     26 |      0 |   2225 |   4 |  682.0 |
               +--------+--------+--------+--------+--------+-----+--------+

Top non-repeatable levels by time:
     D:1: 1321 daAuts
     D:2: 808 daAuts
     D:4: 405 daAuts
     D:3: 194 daAuts
